 Dungeon Crawl Stone Soup version 0.20.1-1-g8b1a95d (webtiles) character file.

501 Linguinho the Slinger (level 7, 0/46 HPs)
             Began as a Halfling Hunter on Oct 31, 2017.
             Was an Initiate of Ashenzari.
             Killed from afar by an orc wizard (7 damage)
             ... with a magic dart
             ... on level 5 of the Dungeon on Nov 1, 2017.
             The game lasted 00:21:50 (3937 turns).

Linguinho the Slinger (Halfling Hunter)             Turns: 3937, Time: 00:21:50

Health: 0/46       AC:  4    Str: 13    XL:     7   Next: 40%
Magic:  7/7        EV: 15    Int:  9    God:    Ashenzari [......]
Gold:   6          SH:  0    Dex: 17    Spells: 6/6 levels left

rFire    . . .     SeeInvis .   a - +1 hunting sling
rCold    . . .     Gourm    .   (shield restricted)
rNeg     . . .     Faith    .   v - +0 leather armour
rPois    .         Spirit   .   x - +0 hat
rElec    .         Reflect  .   z - +0 cloak
rCorr    .         Harm     .   (no gloves)
MR       .....                  (no boots)
Stlth    ++........             n - amulet of regeneration (curse)
Regen    0.6/turn               (no ring)
MPRegen  0.1/turn               (no ring)

@: no status effects
A: mutation resistance 1
a: Curse Item, Renounce Religion


You were on level 5 of the Dungeon.
You worshipped Ashenzari.
Ashenzari was noncommittal.
You were not hungry.

You visited 1 branch of the dungeon, and saw 5 of its levels.

You collected 176 gold pieces.
You spent 170 gold pieces at shops.

Inventory:

Hand Weapons
 a - a +1 hunting sling (weapon)
 y - a +3 quarterstaff of chaos
Missiles
 d - 108 sling bullets
 e - 169 stones (quivered)
Armour
 v - a +0 leather armour (worn)
 x - a +0 hat (worn)
 z - a +0 cloak (worn)
 B - a cursed +0 scale mail
Jewellery
 n - a cursed amulet of regeneration (around neck)
 r - an uncursed ring of positive energy
 w - an uncursed ring of protection from fire
 A - a cursed ring of teleportation
Wands
 b - a wand of confusion (41/48)
 q - a wand of paralysis (3/24)
 t - a wand of paralysis (12/24)
 u - a wand of random effects (30/48)
Scrolls
 h - a scroll of identify
 j - 3 scrolls of remove curse
 k - 3 scrolls of fog
 m - 3 scrolls of teleportation
 C - a scroll of fear {unknown}
 D - 3 scrolls of immolation
Potions
 i - a potion of mutation
 l - 5 potions of curing
 o - a potion of haste
 p - a potion of heal wounds
Comestibles
 c - a royal jelly
 f - 3 bread rations
 g - 3 chunks of flesh
 s - a meat ration


   Skills:
 + Level 3.1 Fighting
   Level 1.9 Short Blades
 + Level 8.9 Slings
 + Level 2.4 Armour
 + Level 2.8 Dodging
 + Level 3.8 Stealth


You had 6 spell levels left.
You didn't know any spells.

Dungeon Overview and Level Annotations

Branches:
Dungeon (5/15)
 Temple: D:4-7

Altars:
Ashenzari
Gozag

Shops:
D:4 ?}(?*


Innate Abilities, Weirdness & Mutations

You are small and have problems with some larger weapons.
You are somewhat resistant to further mutation.


Message History

Aim: an orc priest, wielding a flail and wearing a ring mail You shoot a stone.
The stone closely misses the orc priest.
Firing (i - inventory. (,) - cycle):
e - 171 stones (quivered)
Press: ? - help, Shift-Dir - straight line, f/p - orc priest
Aim: an orc priest, wielding a flail and wearing a ring mail You shoot a stone.
The stone hits the orc priest but does no damage.
Firing (i - inventory. (,) - cycle):
e - 170 stones (quivered)
Press: ? - help, Shift-Dir - straight line, f/p - orc priest
Aim: an orc priest, wielding a flail and wearing a ring mail You shoot a stone.
You hear some strange, mumbled words.
The orc priest invokes the aid of Beogh against you.
Beogh smites you!
* * * LOW HITPOINT WARNING * * *
A magic dart appears from out of thin air!
Deactivating autopickup; reactivate with Ctrl-A.
The magic dart hits you!
You die... (..( #..# #(.# #(.# #oo

#{# .# ########.#####.#
...............###
..........@>......
##.###.######.......[.. #
#.# ##.....# #.# #.....#
#.## #.....# # #..#
#.###.....#.# ##.#
#...........#
#.####.#####..# #..##..##
#>............###.<#.....


There were no monsters in sight!

Vanquished Creatures
  An ogre (D:4)
  Blork the orc (D:5)
  Crazy Yiuf (D:3)
  An iguana (D:4)
  Ijyb (D:3)
  Natasha (twice) (D:4)
  A worker ant (D:4)
  A howler monkey skeleton (D:4)
  6 adders
  3 oozes
  6 worms
  3 dart slugs
  4 leopard geckos
  An orc (D:5)
  7 giant cockroaches
  4 goblins
  8 hobgoblins
  12 jackals
  8 kobolds
  2 quokkas
  A ball python (D:3)
  2 bats
  5 frilled lizards
  A quokka skeleton (D:4)
  12 rats
94 creatures vanquished.

Notes
Turn   | Place    | Note
-------+----------+-------------------------------------------
     0 | D:1      | Linguinho the Halfling Hunter began the quest for the Orb.
     0 | D:1      | Reached XP level 1. HP: 14/14 MP: 1/1
    19 | D:1      | Reached skill level 6 in Slings
    55 | D:1      | Reached XP level 2. HP: 19/19 MP: 2/2
   169 | D:1      | Reached XP level 3. HP: 24/24 MP: 3/3
   510 | D:2      | Reached skill level 7 in Slings
   681 | D:2      | Reached skill level 1 in Short Blades
   681 | D:2      | Reached XP level 4. HP: 29/29 MP: 4/4
  1587 | D:3      | Reached XP level 5. HP: 34/34 MP: 5/5
  1662 | D:3      | Noticed Ijyb
  1669 | D:3      | Paralysed by Ijyb for 2 turns
  1684 | D:3      | Killed Ijyb
  1791 | D:3      | Reached skill level 8 in Slings
  2001 | D:3      | Found a shattered altar of Ashenzari.
  2220 | D:3      | Found a runed door.
  2225 | D:3      | Noticed Crazy Yiuf
  2249 | D:3      | Killed Crazy Yiuf
  2335 | D:3      | Became a worshipper of Ashenzari the Shackled
  2431 | D:4      | Found Atonn's Weapon Boutique.
  2445 | D:4      | Reached XP level 6. HP: 40/41 MP: 6/6
  2474 | D:4      | Found an opulent altar of Gozag.
  2503 | D:4      | Found Gozag's Platinum Reserve.
  2565 | D:4      | Found Pofochan's Gadget Shop.
  2695 | D:4      | Found Laq Fowah's Magic Scroll Shoppe.
  2698 | D:4      | Bought a scroll of remove curse for 30 gold pieces
  2698 | D:4      | Bought a scroll of teleportation for 30 gold pieces
  2698 | D:4      | Bought a scroll of identify for 20 gold pieces
  2868 | D:4      | Noticed an ogre
  2942 | D:4      | Killed an ogre
  2942 | D:4      | Reached skill level 1 in Armour
  3013 | D:4      | Noticed Natasha
  3029 | D:4      | Killed Natasha
  3175 | D:4      | Reached XP level 7. HP: 45/45 MP: 7/7
  3191 | D:4      | Found Goutoad's Magic Scroll Shoppe.
  3224 | D:4      | Bought a scroll of identify for 20 gold pieces
  3224 | D:4      | Bought a scroll of remove curse for 30 gold pieces
  3224 | D:4      | Bought a scroll of identify for 20 gold pieces
  3224 | D:4      | Bought a scroll of fog for 20 gold pieces
  3738 | D:4      | Noticed Natasha
  3754 | D:4      | Killed Natasha
  3859 | D:5      | Entered Level 5 of the Dungeon
  3859 | D:5      | Noticed Blork the orc
  3865 | D:5      | Killed Blork the orc
  3937 | D:5      | Killed from afar by an orc wizard

Skill      XL: |  1  2  3  4  5  6  7 |
---------------+----------------------+-----
Slings         | 6 7 8 |  8.9
Fighting       | 2 3 |  3.1
Short Blades   | 1 |  1.9
Armour         | 1 2 |  2.4
Stealth        | 3 |  3.8
Dodging        | |  2.8

Action                   |  1- 3 |  4- 6 |  7- 9 || total
-------------------------+-------+-------+-------++-------
Melee: Short sword       |       |     9 |       ||     9
       Quarterstaff      |       |    36 |    25 ||    61
 Fire: Hunting sling     |    97 |   164 |    14 ||   275
Throw: Stone             |       |     9 |       ||     9
Invok: Curse Item        |       |     1 |       ||     1
Evoke: Wand              |       |     3 |       ||     3
  Use: Scroll            |       |     8 |     2 ||    10
 Stab: Paralysed         |       |    11 |       ||    11
       Sleeping          |       |       |     2 ||     2
  Eat: Chunk             |       |     6 |       ||     6
       Bread ration      |       |       |     1 ||     1
       Fruit             |       |       |     1 ||     1
Armor: Leather armour    |     4 |     9 |     3 ||    16
Dodge: Dodged            |    10 |    48 |    30 ||    88
